 Dungeon Crawl Stone Soup version 0.31-a0-1091-g283494c966 (webtiles) character file.

Game seed: 3367720238273695477

4552 Dirtsage the Mimic (level 10, -9/69 HPs)
             Began as an Octopode Shapeshifter on Nov 28, 2023.
             Was an Initiate of Gozag.
             Mangled by a vampire (12 damage)
             ... on level 9 of the Dungeon.
             The game lasted 00:18:11 (9049 turns).

Dirtsage the Mimic (Octopode Shapeshifter)          Turns: 9049, Time: 00:18:11

Health: -9/69      AC:  1    Str: 19    XL:     10   Next: 40%
Magic:  10/10      EV: 21    Int: 12    God:    Gozag
Gold:   599        SH:  0    Dex: 17    Spells: 9/9 levels left

rFire   + .          .
                       - Unarmed
rCold   . . .        (shield currently unavailable)
rNeg    . . .        (helmet restricted)
rPois   +            (no amulet)
rElec   .            F - ring of protection from fire
rCorr   +            C - ring of resist corrosion
SInv    +            y - +6 ring of dexterity
Will    +....        P - ring of poison resistance
Stlth   +            S - ring of see invisible
HPRegen 0.31/turn    A - ring of willpower
MPRegen 0.12/turn    G - ring of flight
                     H - +5 ring of evasion

%: no passive effects
@: flux-form, flying, glowing
A: glow, contaminating, almost no armour, amphibious, 8 rings, camouflage 1,
gelatinous body 1, (nimble swimmer 1), tentacles
a: Begin Untransformation, Renounce Religion, Potion Petition, Call Merchant,
Bribe Branch


You were on level 9 of the Dungeon.
You worshipped Gozag.
Gozag was pleased with you.
You were something dangerously unstable.
You visited 1 branch of the dungeon, and saw 9 of its levels.
You visited the Abyss 1 time.

You collected 1251 gold pieces.
You spent 600 gold pieces at shops.
You paid 52 gold pieces to Gozag.

Inventory:

Missiles
 r - a throwing net
 I - a curare-tipped dart
Armour
 s - a +0 kite shield
Jewellery
 y - a +6 ring of dexterity (on tentacle)
 A - a ring of willpower (on tentacle)
 C - a ring of resist corrosion (right tentacle)
 F - a ring of protection from fire (left tentacle)
 G - a ring of flight (on tentacle)
 H - a +5 ring of evasion (on tentacle)
 P - a ring of poison resistance (on tentacle)
 S - a ring of see invisible (on tentacle)
Talismans
 b - a beast talisman
 c - a flux talisman (active)
 p - a blade talisman
Wands
 n - a wand of acid (16)
 D - a wand of charming (10)
 E - a wand of mindburst (20)
Scrolls
 f - 3 scrolls of enchant weapon
 g - 2 scrolls of fear
 h - 2 scrolls of fog
 j - a scroll of revelation
 l - 2 scrolls of enchant armour
 m - a scroll of noise
 t - 4 scrolls of teleportation
 w - a scroll of amnesia
 x - a scroll of immolation
 J - a scroll of butterflies
 L - a scroll of poison
Potions
 a - a potion of lignification
 d - a potion of invisibility {unknown}
 e - a potion of haste {unknown}
 k - a potion of enlightenment {unknown}
 o - a potion of magic {unknown}
 v - a potion of resistance {unknown}
 z - a potion of ambrosia {unknown}
 B - a potion of brilliance {unknown}
 K - a potion of might {unknown}


   Skills:
 + Level 6.8 Fighting
 + Level 6.6 Dodging
 + Level 7.4 Unarmed Combat
 * Level 9.3 Shapeshifting


You had 9 spell levels left.
You didn't know any spells.
Your spell library contained the following spells:

 Spells                   Type           Power      Damage    Failure   Level
 Apportation              Tloc           0%         N/A       32%         1
 Necrotise                Necr           0%         1d4       32%         1
 Sandblast                Erth           0%         2d4       32%         1
 Slow                     Hex            0%         N/A       32%         1
 Summon Small Mammal      Summ           0%         N/A       32%         1
 Passwall                 Tmut/Erth      0%         N/A       45%         2
 Confusing Touch          Hex            0%         N/A       69%         3
 Sigil of Binding         Hex            0%         N/A       69%         3
 Stone Arrow              Conj/Erth      0%         3d7       69%         3
 Vampiric Draining        Necr           0%         2d6       69%         3
 Brom's Barrelling Bould  Conj/Erth      0%         2d3       97%         4


Dungeon Overview and Level Annotations

Branches:
Dungeon (9/15)             Temple (0/1) D:5
   Lair: D:8-11         Orc: D:9-12

Altars:
Ashenzari
Cheibriados
Elyvilon
Gozag
Okawaru
Qazlal
Ru
Uskayaw
Vehumet

Shops:
D:3 =   D:7 (

Annotations:
D:2 Natasha
D:4 3 runed translucent doors, hackum's ghost, amateur TrFi
D:7 1 runed translucent door, Crazy Yiuf
D:9 1 transporter


Innate Abilities, Weirdness & Mutations

You are something dangerously unstable.
You glow with magical radiation, making you easy to see and hit.
Foes you strike become dangerously contaminated with magical radiation.
You are incapable of wielding weapons or throwing items.
You cannot wear most types of armour.
You are amphibious.
You can wear up to eight rings at the same time.
Your skin changes colour to match your surroundings (Stealth+).
Your rubbery body absorbs attacks. (AC +1, EV +1)
((You are camouflaged when in or above water. (Stealth+)))
You have tentacles for arms and can constrict up to eight enemies at once.


Message History

The vampire hits you! The vampire bites you!
The vampire draws strength from your injuries!
You take 26 damage, and have 33/69 hp.
MASSIVE DAMAGE!!
It was a potion of curing.
You feel better.
q - a potion of curing;
m - a scroll of noise The vampire completely misses you.
The vampire closely misses you.
You regained 11 hp, and now have 44/69 hp.
You barely miss the vampire. Your grab misses the vampire.
The vampire completely misses you. The vampire bites you!
The vampire draws strength from your injuries!
You take 9 damage, and have 35/69 hp.
Aiming: Corrosive Bolt
Press: ? - help, Shift-Dir - straight line, f - vampire
Aim: a vampire, wearing a +0 leather armour (slightly transparent, 71% to hit)
The bolt of acid hits the vampire but does no damage.
The vampire hits you! The vampire misses you.
You take 9 damage, and have 26/69 hp.
You barely miss the vampire. You grab the vampire.
You constrict the vampire, but do no damage.
The vampire hits you!
* * * LOW HITPOINT WARNING * * *
The vampire misses you.
You take 10 damage, and have 16/69 hp.
Aiming: Corrosive Bolt
Press: ? - help, Shift-Dir - straight line, f/p - vampire
Aim: a vampire, wearing a +0 leather armour (constricted by you, slightly transparent, 100% to hit)
The bolt of acid hits the vampire!
The vampire is moderately damaged.
You constrict the vampire, but do no damage.
The vampire hits you!
* * * LOW HITPOINT WARNING * * *
The vampire closely misses you.
You take 13 damage, and have 3/69 hp.
You feel better.
You constrict the vampire, but do no damage.
The vampire hits you!
* * * LOW HITPOINT WARNING * * *
The vampire bites you!
You die...
Your body crumbles into a pile of gold.

#### #!..######
.........########
.©.....#........#
######.#.....>..#
$©$P8#.#........#
[)(.P#..Vp......#
#+####..........#
...≈K#.....)....#
...≈K#.#........#
P~~≈o#.####....##
~⌠~≈o#.
##..#.######## .
~~~≈.#.
#............# ..
...≈.#.
#.#..........#...
#.#......[...$..


You could see 2 kobold demonologists, a vampire and 2 orc priests.

Vanquished Creatures
  Pikel (D:7)
  Joseph (D:7)
  Jeremiah (D:9)
  A troll (D:5)
  Eustachio (D:5)
  A steam dragon (D:6)
  Edmund (D:4)
  An ice beast (D:6)
  3 ogres (D:6)
  3 centaurs (D:8)
  2 phantoms
  A lemure (D:7)
  2 gnoll sergeants
  Blork the orc (D:4)
  2 bullfrogs (D:8)
  2 kobold brigands
  4 scorpions
  8 wights
  2 hounds (D:7)
  3 orc priests
  A gnoll bouda (D:6)
  3 jellies
  3 sleepcaps
  An iguana (D:5)
  8 orc wizards
  Ijyb (D:3)
  Natasha (twice) (D:2)
  Robin (D:4)
  17 gnolls
  8 adders
  2 white imps
  2 ufetubi (D:7)
  2 dart slugs
  21 orcs
  3 bats
  8 endoplasms
  3 giant cockroaches
  12 goblins
  13 hobgoblins
  12 kobolds
  4 quokkas
  4 ball pythons
  2 frilled lizards (D:2)
  4 rats
178 creatures vanquished.

Vanquished Creatures (others)
  An orc wizard (D:5)
1 creature vanquished.

Grand Total: 179 creatures vanquished

Notes
Turn   | Place    | Note
-------+----------+-------------------------------------------
     0 | D:1      | Dirtsage the Octopode Shapeshifter began the quest for the
                  | Orb.
     0 | D:1      | Reached XP level 1. HP: 13/13 MP: 1/1
    99 | D:1      | Reached XP level 2. HP: 18/18 MP: 2/2
   219 | D:1      | Reached XP level 3. HP: 14/23 MP: 3/3
   266 | D:1      | Found a faded altar of an unknown god.
   964 | D:2      | Found a snail-covered altar of Cheibriados.
  1144 | D:2      | Noticed Natasha
  1152 | D:2      | Killed Natasha
  1153 | D:2      | Reached XP level 4. HP: 15/29 MP: 4/4
  1486 | D:2      | Noticed Natasha
  1496 | D:2      | Killed Natasha
  1497 | D:2      | Reached skill level 4 in Shapeshifting
  1818 | D:2      | Noticed Natasha
  1941 | D:3      | Found Sieffas's Jewellery Shoppe.
  2064 | D:3      | Reached XP level 5. HP: 27/35 MP: 5/5
  2566 | D:3      | Found an iron altar of Okawaru.
  2566 | D:3      | Found a sacrificial altar of Ru.
  2573 | D:3      | Found an opulent altar of Gozag.
  2575 | D:3      | Found a radiant altar of Vehumet.
  2577 | D:3      | Found a white marble altar of Elyvilon.
  2582 | D:3      | Became a worshipper of Gozag Ym Sagoz the Greedy
  2717 | D:3      | Noticed Ijyb
  2725 | D:3      | Killed Ijyb
  2948 | D:4      | Reached XP level 6. HP: 37/41 MP: 6/6
  2979 | D:4      | Noticed Edmund
  3055 | Abyss:1  | Cast into level 1 of the Abyss (Edmund)
  3090 | Abyss:1  | Found a broken altar of Ashenzari.
  3100 | Abyss:1  | Noticed a fire bat
  3105 | Abyss:1  | Noticed a wraith
  3128 | D:4      | Escaped the Abyss
  3132 | D:4      | Killed Edmund
  3133 | D:4      | Reached skill level 5 in Shapeshifting
  3289 | D:4      | Found a runed translucent gate.
  3289 | D:4      | Found a runed translucent gate.
  3289 | D:4      | Found a runed translucent gate.
  3351 | D:4      | Noticed hackum's ghost (amateur TrFi)
  3376 | D:4      | Noticed Blork the orc
  3384 | D:4      | Killed Blork the orc
  3385 | D:4      | Reached XP level 7. HP: 15/46 MP: 7/7
  3559 | D:4      | Noticed Robin
  3575 | D:4      | Killed Robin
  4081 | D:5      | Entered Level 5 of the Dungeon
  4088 | D:5      | Noticed a troll
  4099 | D:5      | Killed a troll
  4173 | D:5      | Reached skill level 5 in Unarmed Combat
  4232 | D:5      | Reached skill level 6 in Shapeshifting
  4242 | D:5      | Reached XP level 8. HP: 50/54 MP: 8/8
  4758 | D:5      | Noticed Eustachio
  4766 | D:5      | Killed Eustachio
  4864 | D:5      | Found a staircase to the Ecumenical Temple.
  5094 | D:5      | Found a hide-covered altar of Uskayaw.
  5265 | D:6      | Reached skill level 7 in Shapeshifting
  5619 | D:6      | Reached skill level 5 in Fighting
  5757 | D:6      | Reached XP level 9. HP: 27/61 MP: 9/9
  5926 | D:6      | Reached skill level 5 in Dodging
  6262 | D:6      | Found a stormy altar of Qazlal.
  6793 | D:3      | Bought a ring of willpower for 250 gold pieces
  6793 | D:3      | Bought a ring of see invisible for 150 gold pieces
  6793 | D:3      | Bought a ring of poison resistance for 200 gold pieces
  6954 | D:7      | Noticed Pikel
  6965 | D:7      | Killed Pikel
  6966 | D:7      | Reached skill level 8 in Shapeshifting
  7000 | D:7      | Found Pesiohuj's Antique Weapon Shop.
  7059 | D:7      | Found a broken altar of Ashenzari.
  7504 | D:7      | Found a runed translucent door.
  7505 | D:7      | Noticed Crazy Yiuf
  7546 | D:7      | Noticed Joseph
  7554 | D:7      | Killed Joseph
  7555 | D:7      | Reached XP level 10. HP: 58/69 MP: 10/10
  8120 | D:7      | Reached skill level 9 in Shapeshifting
  8952 | D:9      | Noticed a kobold demonologist
  8952 | D:9      | Noticed a kobold demonologist
  8952 | D:9      | Noticed Jeremiah
  8952 | D:9      | Found a transporter.
  8958 | D:9      | Killed Jeremiah
  9048 | D:9      | HP: 3/69 [vampire (14)]
  9049 | D:9      | Mangled by a vampire

Illustrated notes

Levels and vault maps discovered:
D:1:      lightli_iron_boxes, layout_basic,
          hellmonk_ecumenical_altar_pennies_from_heaven, corner_web_ring
D:2:      layout_basic, basic_altar, uniq_natasha
D:3:      layout_basic, chequers_temple_overflow_minitemple, serial_shops,
          nicolae_shop_hallway_stairs, minmay_misc_feat_roman, minmay_between,
          uniq_ijyb
D:4:      layout_basic, gammafunk_ghost_icy, uniq_blork_the_orc, uniq_edmund,
          uniq_robin
D:5:      layout_loops_cross, nicolae_uskayaw_murder_on_the_dancefloor,
          minmay_temple_entry_from_below_b, uniq_eustachio
D:6:      layout_basic, nicolae_qazlal_style_of_elements
D:7:      layout_loops_ring, ashenzari_conservatory_becter, serial_shops,
          nicolae_shop_overgrown_old_shop, uniq_crazy_yiuf_cottage, uniq_pikel,
          uniq_joseph
D:8:      layout_rooms
D:9:      gammafunk_wand_slinger, layout_rooms,
          mainiacjoe_overflow_tiny_flanked, orc_0_dummy, enter_bailey_2,
          serial_shops, shop, uniq_erica, uniq_jeremiah

Skill      XL: |  1  2  3  4  5  6  7  8  9 10 |
---------------+-------------------------------+-----
Fighting       | 2 3 4 5 6 |  6.8
Shapeshifting  | 4 5 6 7 8 9 |  9.3
Unarmed Combat | 4 5 7 |  7.4
Dodging        | 3 4 6 |  6.6

Action                     |  1- 3 |  4- 6 |  7- 9 | 10-12 || total
---------------------------+-------+-------+-------+-------++-------
  Melee: Unarmed           |    51 |    98 |   218 |    78 ||   445
         Constrict         |    16 |    24 |    51 |    18 ||   109
         Tentacles         |    13 |    15 |    46 |    22 ||    96
         Punch             |     1 |     6 |    10 |       ||    17
  Evoke: Wand              |       |     3 |     4 |     8 ||    15
    Use: Potion            |       |     1 |     1 |     2 ||     4
         Scroll            |       |       |       |    12 ||    12
   Stab: Sleeping          |     6 |     5 |     5 |       ||    16
         Distracted        |       |       |     2 |     1 ||     3
 Armour: Skin              |    19 |    42 |    88 |    36 ||   185
  Dodge: Dodged            |    30 |    44 |   100 |    77 ||   251
   Form: Flux              |       |       |       |     1 ||     1

Table legend: (Time is in decaauts)
 A = Elapsed time spent in this place.
 B = Non-inter-level travel time spent in this place.
 C = Inter-level travel time spent in this place.
 D = Time resting spent in this place.
 E = Time spent auto-exploring this place.
 F = Levels seen in this place.
 G = Mean time per level.
                   A        B        C        D        E       F      G
               +--------+--------+--------+--------+--------+-----+--------+
         Total |   9003 |   8297 |    706 |   1239 |   5620 |  10 |  900.3 |
       Dungeon |   8931 |   8225 |    706 |   1219 |   5620 |   9 |  992.3 |
         Abyss |     72 |     72 |      0 |     20 |      0 |   1 |   72.0 |
               +--------+--------+--------+--------+--------+-----+--------+

Top non-repeatable levels by time:
     D:6: 1525 daAuts
     D:4: 1279 daAuts
     D:7: 1222 daAuts
     D:5: 1211 daAuts
     D:3: 980 daAuts
     D:2: 973 daAuts
     D:1: 960 daAuts
     D:8: 679 daAuts
     D:9: 97 daAuts
 Abyss:1: 72 daAuts
